[ PARTIDA AOE2 · #479011197 ]
Team RMCoreanos vs Mongols
[ ANÁLISIS DE REPETICIÓN · EXTRAÍDO DE LA PARTIDA GRABADA ]
Feudal
12:31
Castillos
27:05
Imperial
—
| APM promedio | 45.5 |
| APM pico | 81 |
| eAPM promedio | 22.6 |
| Aldeanos / militares | 53 / 24 |
Foco
⚔️ 24.3% · 🌾 75.7%
Archer ×20 · Skirmisher ×4
Feudal
9:35
Castillos
28:58
Imperial
—
| APM promedio | 52.7 |
| APM pico | 85 |
| eAPM promedio | 21.3 |
| Aldeanos / militares | 61 / 41 |
Foco
⚔️ 16.7% · 🌾 83.3%
Scout Cavalry ×41
Feudal
10:05
Castillos
27:53
Imperial
—
| APM promedio | 39.8 |
| APM pico | 79 |
| eAPM promedio | 25.5 |
| Aldeanos / militares | 61 / 12 |
Foco
⚔️ 18.6% · 🌾 81.4%
Scout Cavalry ×9 · Spearman ×3
Feudal
8:50
Castillos
24:46
Imperial
—
| APM promedio | 44.9 |
| APM pico | 74 |
| eAPM promedio | 18.7 |
| Aldeanos / militares | 57 / 79 |
Foco
⚔️ 43.2% · 🌾 56.8%
Archer ×70 · Spearman ×9
Feudal
8:34
Castillos
19:19
Imperial
—
| APM promedio | 31.7 |
| APM pico | 87 |
| eAPM promedio | 15.9 |
| Aldeanos / militares | 96 / 5 |
Foco
⚔️ 5.9% · 🌾 94.1%
Militia ×4 · Monk ×1
Feudal
11:22
Castillos
14:58
Imperial
—
| APM promedio | 41.1 |
| APM pico | 61 |
| eAPM promedio | 20.6 |
| Aldeanos / militares | 103 / 19 |
Foco
⚔️ 27.8% · 🌾 72.2%
Scout Cavalry ×19
Feudal
12:12
Castillos
15:43
Imperial
—
| APM promedio | 44.2 |
| APM pico | 85 |
| eAPM promedio | 22.4 |
| Aldeanos / militares | 63 / 37 |
Foco
⚔️ 23.3% · 🌾 76.7%
Conquistador ×19 · Petard ×18
Feudal
10:32
Castillos
14:07
Imperial
—
| APM promedio | 31.7 |
| APM pico | 76 |
| eAPM promedio | 17.7 |
| Aldeanos / militares | 55 / 9 |
Foco
⚔️ 28.4% · 🌾 71.6%
Battering Ram ×8 · Hussite Wagon ×1
Mapa de la partida
Recursos iniciales + cada clic de construcción. Líneas = muros · curvas = relieve. ◆ oro · ⬟ piedra · ● bayas · ✦ reliquia · ◌ hueco del cierre
Tu base· ✓ Cerrada en 27:05 · 69t muro · 2 puerta(s)
Base de Ficki-T-E· Abierta — el rival se encerró
Base de Welldone· ✓ Cerrada en 27:53 · 1t muro · sin puerta
Base de AlDebaran· Abierta — el rival se encerró
Base de PocaChota· Abierta — flanco sin cerrar
Base de TW_Jerry· Abierta — hueco de 7t
Base de Tanu· Abierta — flanco sin cerrar
Base de 天崩地裂· Abierta — flanco sin cerrar
Terreno inicial suavizado · ◌ = hueco del cierre detectado · pasá el cursor para detalles
Inputs por minuto
— Dance Jimmy Dance! - - Ficki-T-E
Build order — Dance Jimmy Dance!
136 acciones detectadas en el replay
| 0:02 | Crear | Villager (Male) |
| 0:02 | Crear | Villager (Male) |
| 0:03 | Crear | Villager (Male) |
| 0:05 | Construir | House |
| 0:08 | Construir | House |
| 0:36 | Crear | Villager (Male) |
| 1:36 | Crear | Villager (Male) |
| 1:36 | Crear | Villager (Male) |
| 2:02 | Construir | Lumber Camp |
| 2:06 | Crear | Villager (Male) |
| 2:07 | Crear | Villager (Male) |
| 2:30 | Crear | Villager (Male) |
| 2:59 | Crear | Villager (Male) |
| 2:59 | Crear | Villager (Male) |
| 3:27 | Crear | Villager (Male) |
| 3:28 | Crear | Villager (Male) |
| 3:52 | Crear | Villager (Male) |
| 3:52 | Crear | Villager (Male) |
| 4:23 | Crear | Villager (Male) |
| 4:23 | Crear | Villager (Male) |
| 4:30 | Construir | House |
| 4:46 | Crear | Villager (Male) |
| 4:47 | Crear | Villager (Male) |
| 4:53 | Investigar | Loom |
| 5:07 | Crear | Villager (Male) |
| 5:41 | Crear | Villager (Male) |
| 5:42 | Crear | Villager (Male) |
| 6:24 | Crear | Villager (Male) |
| 6:25 | Crear | Villager (Male) |
| 6:25 | Crear | Villager (Male) |
| 6:46 | Construir | Palisade Wall |
| 6:55 | Crear | Villager (Male) |
| 6:57 | Construir | House |
| 7:01 | Construir | Mill |
| 7:03 | Crear | Villager (Male) |
| 7:12 | Construir | Palisade Wall |
| 7:13 | Construir | Palisade Wall |
| 7:13 | Construir | Palisade Wall |
| 7:18 | Construir | Palisade Wall |
| 7:22 | Crear | Villager (Male) |
| 8:50 | Crear | Villager (Male) |
| 9:11 | Crear | Villager (Male) |
| 9:46 | Construir | Farm |
| 9:48 | Construir | Farm |
| 9:49 | Construir | Farm |
| 9:55 | Crear | Villager (Male) |
| 10:21 | Investigar | Feudal Age |
| 10:21 | Investigar | Feudal Age |
| 10:58 | Construir | House |
| 11:10 | Crear | Villager (Male) |
| 11:15 | Construir | Mining Camp |
| 11:17 | Construir | Farm |
| 12:31 | Edad | Edad Feudal |
| 12:41 | Crear | Villager (Male) |
| 12:48 | Construir | Palisade Gate |
| 13:22 | Construir | Watch Tower |
| 13:27 | Construir | Watch Tower |
| 13:34 | Construir | House |
| 13:37 | Crear | Villager (Male) |
| 13:43 | Construir | Mining Camp |
| 13:46 | Crear | Villager (Male) |
| 13:48 | Investigar | Double-Bit Axe |
| 13:48 | Investigar | Double-Bit Axe |
| 13:49 | Crear | Villager (Male) |
| 13:55 | Construir | Palisade Wall |
| 13:56 | Construir | Palisade Wall |
| 13:57 | Construir | Palisade Gate |
| 14:11 | Construir | Palisade Wall |
| 14:29 | Crear | Villager (Male) |
| 14:40 | Construir | Farm |
| 14:44 | Crear | Villager (Male) |
| 15:07 | Construir | Lumber Camp |
| 15:39 | Crear | Villager (Male) |
| 16:15 | Construir | Barracks |
| 16:18 | Crear | Villager (Male) |
| 16:19 | Crear | Villager (Male) |
| 16:34 | Construir | Farm |
| 16:37 | Crear | Villager (Male) |
| 16:46 | Construir | House |
| 16:47 | Construir | House |
| 17:02 | Construir | Archery Range |
| 17:23 | Construir | Farm |
| 17:28 | Crear | Skirmisher |
| 17:50 | Construir | Farm |
| 17:51 | Construir | Farm |
| 18:03 | Construir | Farm |
| 18:10 | Crear | Skirmisher |
| 18:10 | Crear | Skirmisher |
| 18:52 | Construir | Blacksmith |
| 18:55 | Crear | Villager (Male) |
| 19:13 | Crear | Skirmisher |
| 19:19 | Crear | Villager (Male) |
| 20:04 | Construir | House |
| 20:15 | Crear | Villager (Male) |
| 20:23 | Crear | Villager (Male) |
| 20:32 | Crear | Villager (Male) |
| 20:34 | Construir | Farm |
| 20:48 | Construir | Farm |
| 20:49 | Crear | Villager (Male) |
| 20:56 | Construir | Farm |
| 20:59 | Construir | Farm |
| 21:22 | Crear | Villager (Male) |
| 21:56 | Construir | Stone Wall |
| 22:04 | Investigar | Town Watch |
| 22:04 | Investigar | Wheelbarrow |
| 22:06 | Construir | Farm |
| 22:12 | Construir | House |
| 22:12 | Construir | House |
| 22:36 | Crear | Villager (Male) |
| 23:24 | Construir | Stone Wall |
| 23:37 | Crear | Villager (Male) |
| 24:25 | Investigar | Castle Age |
| 24:25 | Investigar | Castle Age |
| 24:28 | Construir | Farm |
| 25:00 | Construir | Archery Range |
| 25:05 | Construir | Archery Range |
| 25:07 | Crear | Archer |
| 25:07 | Crear | Archer |
| 25:08 | Investigar | Fletching |
| 25:10 | Investigar | Gold Mining |
| 25:10 | Investigar | Gold Mining |
| 25:37 | Crear | Archer |
| 25:37 | Crear | Archer |
| 25:38 | Crear | Archer |
| 25:50 | Crear | Archer ×5 |
| 26:06 | Construir | Watch Tower |
| 26:16 | Construir | Lumber Camp |
| 26:28 | Crear | Villager (Male) |
| 26:38 | Crear | Archer ×5 |
| 27:04 | Construir | House |
| 27:05 | Edad | Edad de los Castillos |
| 27:06 | Construir | Stone Wall |
| 27:13 | Investigar | Bodkin Arrow |
| 27:58 | Construir | Lumber Camp |
| 28:28 | Crear | Archer ×5 |
| 28:50 | Crear | Villager (Male) |
Build order — Ficki-T-E
Primeras 150 de 183 acciones detectadas
| 0:01 | Crear | Villager (Male) ×4 |
| 0:04 | Construir | House |
| 0:06 | Construir | House |
| 1:32 | Crear | Villager (Male) |
| 1:33 | Crear | Villager (Male) |
| 1:55 | Construir | Lumber Camp |
| 2:05 | Crear | Villager (Male) |
| 2:06 | Crear | Villager (Male) |
| 2:18 | Crear | Villager (Male) |
| 2:19 | Crear | Villager (Male) |
| 2:49 | Crear | Villager (Male) |
| 2:49 | Crear | Villager (Male) |
| 3:12 | Crear | Villager (Male) |
| 3:12 | Crear | Villager (Male) |
| 3:55 | Crear | Villager (Male) |
| 3:55 | Crear | Villager (Male) |
| 3:56 | Crear | Villager (Male) |
| 4:11 | Construir | House |
| 4:32 | Crear | Villager (Male) |
| 4:32 | Crear | Villager (Male) |
| 5:10 | Crear | Villager (Male) |
| 5:10 | Crear | Villager (Male) |
| 5:30 | Crear | Villager (Male) |
| 5:30 | Crear | Villager (Male) |
| 5:38 | Crear | Villager (Male) |
| 5:43 | Construir | House |
| 6:50 | Crear | Villager (Male) |
| 7:25 | Investigar | Feudal Age |
| 7:25 | Investigar | Feudal Age |
| 7:25 | Investigar | Feudal Age |
| 7:40 | Construir | Mill |
| 8:16 | Construir | House |
| 8:56 | Construir | House |
| 9:35 | Edad | Edad Feudal |
| 9:36 | Construir | Stable |
| 9:39 | Crear | Villager (Male) |
| 9:45 | Crear | Villager (Male) |
| 10:25 | Construir | Stable |
| 10:29 | Crear | Villager (Male) |
| 10:39 | Crear | Scout Cavalry |
| 10:56 | Crear | Villager (Male) |
| 10:57 | Crear | Villager (Male) |
| 11:03 | Construir | House |
| 11:04 | Construir | House |
| 11:12 | Crear | Scout Cavalry |
| 11:12 | Crear | Scout Cavalry |
| 11:33 | Crear | Scout Cavalry |
| 11:37 | Investigar | Bloodlines |
| 11:51 | Crear | Villager (Male) |
| 12:07 | Crear | Scout Cavalry |
| 12:11 | Crear | Villager (Male) |
| 12:12 | Construir | Blacksmith |
| 12:16 | Crear | Villager (Male) |
| 12:24 | Crear | Scout Cavalry |
| 12:49 | Crear | Scout Cavalry |
| 13:03 | Construir | Farm |
| 13:04 | Construir | Farm |
| 13:04 | Construir | Farm |
| 13:04 | Construir | Farm |
| 13:04 | Construir | Farm |
| 13:05 | Construir | Farm |
| 13:05 | Construir | Farm |
| 13:14 | Crear | Villager (Male) |
| 13:54 | Crear | Scout Cavalry |
| 14:11 | Investigar | Scale Barding Armor |
| 14:35 | Crear | Villager (Male) |
| 14:36 | Crear | Villager (Male) |
| 14:37 | Construir | Farm |
| 14:37 | Construir | Farm |
| 14:37 | Construir | Farm |
| 14:38 | Construir | Farm |
| 14:38 | Construir | Farm |
| 14:38 | Construir | Farm |
| 14:38 | Construir | Farm |
| 14:39 | Construir | Farm |
| 14:50 | Construir | Farm |
| 15:34 | Crear | Villager (Male) |
| 15:34 | Crear | Villager (Male) |
| 15:34 | Crear | Villager (Male) |
| 15:37 | Construir | Lumber Camp |
| 15:40 | Construir | Farm |
| 15:40 | Construir | Farm |
| 15:40 | Construir | Farm |
| 15:41 | Construir | Farm |
| 15:41 | Construir | Farm |
| 15:41 | Construir | Farm |
| 15:41 | Construir | Farm |
| 15:41 | Construir | Farm |
| 16:03 | Crear | Scout Cavalry |
| 16:03 | Crear | Scout Cavalry |
| 16:10 | Crear | Villager (Male) |
| 16:26 | Construir | Farm |
| 16:27 | Construir | Farm |
| 16:27 | Construir | Farm |
| 16:27 | Construir | Farm |
| 16:27 | Construir | Farm |
| 16:28 | Construir | Farm |
| 16:51 | Crear | Scout Cavalry |
| 16:51 | Crear | Scout Cavalry |
| 17:03 | Crear | Scout Cavalry |
| 17:03 | Crear | Scout Cavalry |
| 17:18 | Crear | Villager (Male) |
| 17:18 | Crear | Villager (Male) |
| 17:33 | Crear | Villager (Male) |
| 17:37 | Construir | Farm |
| 17:37 | Construir | Farm |
| 17:38 | Construir | Farm |
| 17:38 | Construir | Farm |
| 17:39 | Construir | Farm |
| 17:40 | Construir | Farm |
| 18:04 | Crear | Scout Cavalry |
| 18:05 | Crear | Scout Cavalry |
| 18:19 | Crear | Scout Cavalry |
| 18:23 | Construir | House |
| 18:27 | Construir | Farm |
| 18:28 | Construir | Farm |
| 18:40 | Investigar | Double-Bit Axe |
| 18:44 | Construir | Mining Camp |
| 19:13 | Crear | Scout Cavalry |
| 19:14 | Crear | Scout Cavalry |
| 19:17 | Crear | Villager (Male) |
| 19:19 | Investigar | Horse Collar |
| 19:22 | Crear | Villager (Male) |
| 20:03 | Investigar | Forging |
| 20:10 | Crear | Scout Cavalry |
| 20:10 | Crear | Scout Cavalry |
| 20:10 | Crear | Scout Cavalry |
| 20:23 | Crear | Scout Cavalry |
| 20:23 | Crear | Scout Cavalry |
| 20:38 | Crear | Scout Cavalry |
| 20:38 | Crear | Scout Cavalry |
| 20:40 | Crear | Villager (Male) |
| 20:40 | Crear | Villager (Male) |
| 20:41 | Crear | Villager (Male) |
| 20:56 | Crear | Scout Cavalry |
| 21:28 | Crear | Scout Cavalry |
| 21:28 | Crear | Scout Cavalry |
| 21:45 | Crear | Scout Cavalry |
| 21:45 | Crear | Scout Cavalry |
| 21:45 | Crear | Scout Cavalry |
| 21:59 | Crear | Villager (Male) |
| 22:00 | Crear | Villager (Male) |
| 22:00 | Crear | Villager (Male) |
| 22:00 | Crear | Villager (Male) |
| 22:04 | Construir | House |
| 22:04 | Construir | House |
| 22:04 | Construir | House |
| 22:05 | Construir | House |
| 22:05 | Construir | House |
| 23:35 | Crear | Scout Cavalry |
Build order — Welldone
Primeras 150 de 154 acciones detectadas
| 0:05 | Construir | House |
| 0:06 | Construir | House |
| 0:10 | Crear | Villager (Male) |
| 0:10 | Crear | Villager (Male) |
| 0:10 | Crear | Villager (Male) |
| 0:10 | Crear | Villager (Male) |
| 1:33 | Crear | Villager (Male) |
| 2:04 | Crear | Villager (Male) |
| 2:04 | Crear | Villager (Male) |
| 2:42 | Crear | Villager (Male) |
| 2:42 | Crear | Villager (Male) |
| 3:01 | Crear | Villager (Male) |
| 3:01 | Crear | Villager (Male) |
| 3:37 | Crear | Villager (Male) |
| 3:38 | Crear | Villager (Male) |
| 3:38 | Crear | Villager (Male) |
| 3:49 | Construir | House |
| 3:50 | Construir | House |
| 4:15 | Crear | Villager (Male) |
| 4:15 | Crear | Villager (Male) |
| 4:15 | Crear | Villager (Male) |
| 4:40 | Crear | Villager (Male) |
| 4:41 | Crear | Villager (Male) |
| 4:41 | Crear | Villager (Male) |
| 4:41 | Crear | Villager (Male) |
| 4:54 | Construir | Lumber Camp |
| 5:02 | Crear | Villager (Male) |
| 5:03 | Crear | Villager (Male) |
| 5:18 | Crear | Villager (Male) |
| 5:18 | Crear | Villager (Male) |
| 5:19 | Crear | Villager (Male) |
| 5:38 | Crear | Villager (Male) |
| 5:38 | Crear | Villager (Male) |
| 5:39 | Crear | Villager (Male) |
| 5:53 | Crear | Villager (Male) |
| 5:53 | Crear | Villager (Male) |
| 6:45 | Crear | Villager (Male) |
| 6:46 | Crear | Villager (Male) |
| 6:54 | Construir | Mill |
| 7:55 | Investigar | Feudal Age |
| 7:55 | Investigar | Feudal Age |
| 8:22 | Construir | Barracks |
| 9:01 | Crear | Villager (Male) |
| 9:28 | Crear | Villager (Male) |
| 9:28 | Crear | Villager (Male) |
| 9:29 | Crear | Villager (Male) |
| 9:58 | Crear | Villager (Male) |
| 10:05 | Edad | Edad Feudal |
| 10:07 | Construir | Stable |
| 10:08 | Construir | Stable |
| 10:08 | Construir | Stable |
| 10:10 | Crear | Villager (Male) |
| 10:40 | Crear | Scout Cavalry |
| 10:40 | Crear | Scout Cavalry |
| 10:44 | Construir | Stable |
| 10:52 | Crear | Villager (Male) |
| 11:05 | Construir | House |
| 11:11 | Construir | Mill |
| 11:17 | Investigar | Wheelbarrow |
| 11:17 | Investigar | Wheelbarrow |
| 11:17 | Investigar | Wheelbarrow |
| 11:20 | Crear | Scout Cavalry |
| 11:32 | Crear | Scout Cavalry |
| 11:33 | Crear | Scout Cavalry |
| 11:57 | Crear | Villager (Male) |
| 12:18 | Construir | Blacksmith |
| 12:39 | Investigar | Bloodlines |
| 13:10 | Investigar | Scale Barding Armor |
| 13:24 | Crear | Villager (Male) |
| 13:24 | Crear | Villager (Male) |
| 13:25 | Crear | Villager (Male) |
| 13:54 | Construir | House |
| 13:55 | Construir | House |
| 14:09 | Crear | Scout Cavalry |
| 14:09 | Crear | Scout Cavalry |
| 14:46 | Construir | Farm |
| 14:46 | Construir | Farm |
| 14:46 | Construir | Farm |
| 14:46 | Construir | Farm |
| 14:46 | Construir | Farm |
| 14:47 | Construir | Farm |
| 14:47 | Construir | Farm |
| 14:47 | Construir | Farm |
| 14:47 | Construir | Farm |
| 14:48 | Construir | Farm |
| 15:09 | Construir | Watch Tower |
| 15:16 | Crear | Villager (Male) |
| 15:17 | Crear | Villager (Male) |
| 15:28 | Construir | Lumber Camp |
| 15:40 | Crear | Scout Cavalry |
| 15:40 | Crear | Scout Cavalry |
| 17:14 | Construir | Watch Tower |
| 17:36 | Construir | Farm |
| 17:50 | Crear | Villager (Male) |
| 17:50 | Crear | Villager (Male) |
| 17:50 | Crear | Villager (Male) |
| 18:41 | Construir | Mining Camp |
| 19:00 | Construir | House |
| 19:09 | Construir | Market |
| 19:13 | Construir | Farm |
| 19:23 | Construir | House |
| 19:52 | Investigar | Loom |
| 19:52 | Investigar | Loom |
| 20:04 | Construir | House |
| 20:07 | Construir | Palisade Wall |
| 20:13 | Crear | Villager (Male) |
| 20:14 | Crear | Villager (Male) |
| 20:24 | Construir | Farm |
| 20:26 | Construir | Farm |
| 20:28 | Crear | Villager (Male) |
| 20:34 | Crear | Villager (Male) |
| 20:47 | Construir | Farm |
| 20:53 | Construir | Farm |
| 20:58 | Construir | Farm |
| 21:08 | Crear | Spearman |
| 21:08 | Crear | Spearman |
| 21:09 | Crear | Spearman |
| 21:44 | Crear | Villager (Male) |
| 21:45 | Crear | Villager (Male) |
| 22:17 | Crear | Villager (Male) |
| 22:34 | Construir | Farm |
| 22:35 | Construir | Mill |
| 22:37 | Construir | Farm |
| 22:37 | Construir | Farm |
| 22:38 | Construir | Farm |
| 22:38 | Construir | Farm |
| 22:38 | Construir | Farm |
| 22:38 | Construir | Farm |
| 22:42 | Investigar | Horse Collar |
| 22:42 | Investigar | Horse Collar |
| 22:47 | Crear | Villager (Male) |
| 22:47 | Crear | Villager (Male) |
| 23:16 | Crear | Villager (Male) |
| 23:53 | Construir | Farm |
| 23:54 | Construir | Farm |
| 24:28 | Construir | Farm |
| 25:13 | Investigar | Castle Age |
| 25:13 | Investigar | Castle Age |
| 25:43 | Investigar | Stone Mining |
| 25:43 | Investigar | Stone Mining |
| 26:04 | Construir | Watch Tower |
| 26:13 | Construir | Watch Tower |
| 26:20 | Construir | House |
| 27:02 | Crear | Villager (Male) |
| 27:08 | Construir | Mining Camp |
| 27:18 | Construir | Mining Camp |
| 27:51 | Crear | Villager (Male) |
| 27:53 | Edad | Edad de los Castillos |
| 27:59 | Investigar | Fletching |
| 28:00 | Investigar | Fletching |
Build order — AlDebaran
Primeras 150 de 209 acciones detectadas
| 0:02 | Crear | Villager (Male) |
| 0:02 | Crear | Villager (Male) |
| 0:03 | Construir | House |
| 0:04 | Construir | House |
| 0:27 | Crear | Villager (Male) |
| 0:27 | Crear | Villager (Male) |
| 1:25 | Crear | Villager (Male) |
| 1:25 | Crear | Villager (Male) |
| 1:30 | Construir | Lumber Camp |
| 2:23 | Crear | Villager (Male) |
| 2:37 | Crear | Villager (Male) |
| 2:38 | Crear | Villager (Male) |
| 3:37 | Crear | Villager (Male) |
| 3:38 | Crear | Villager (Male) |
| 3:47 | Construir | House |
| 3:59 | Crear | Villager (Male) |
| 4:00 | Crear | Villager (Male) |
| 4:00 | Crear | Villager (Male) |
| 4:04 | Crear | Villager (Male) |
| 4:04 | Crear | Villager (Male) |
| 5:02 | Crear | Villager (Male) |
| 5:04 | Crear | Villager (Male) |
| 5:04 | Crear | Villager (Male) |
| 5:14 | Crear | Villager (Male) |
| 5:41 | Crear | Villager (Male) |
| 5:41 | Investigar | Loom |
| 6:04 | Construir | Mining Camp |
| 6:40 | Investigar | Feudal Age |
| 6:40 | Investigar | Feudal Age |
| 6:40 | Investigar | Feudal Age |
| 7:50 | Construir | Barracks |
| 8:17 | Crear | Villager (Male) |
| 8:50 | Edad | Edad Feudal |
| 8:51 | Crear | Villager (Male) |
| 9:07 | Construir | Archery Range |
| 9:30 | Crear | Villager (Male) |
| 9:36 | Crear | Villager (Male) |
| 9:46 | Construir | House |
| 9:48 | Construir | House |
| 10:00 | Construir | Blacksmith |
| 10:02 | Construir | House |
| 10:13 | Crear | Archer |
| 10:13 | Crear | Archer |
| 10:32 | Construir | House |
| 10:39 | Crear | Villager (Male) |
| 10:58 | Crear | Villager (Male) |
| 11:05 | Crear | Archer |
| 11:11 | Crear | Villager (Male) |
| 11:13 | Crear | Spearman |
| 11:16 | Investigar | Fletching |
| 11:20 | Construir | House |
| 11:26 | Construir | Archery Range |
| 11:45 | Crear | Villager (Male) |
| 11:51 | Crear | Villager (Male) |
| 11:57 | Crear | Archer |
| 11:57 | Crear | Archer |
| 12:16 | Crear | Archer |
| 12:16 | Crear | Archer |
| 12:23 | Crear | Archer |
| 12:24 | Crear | Archer |
| 12:25 | Construir | House |
| 12:37 | Crear | Villager (Male) |
| 12:47 | Construir | Mill |
| 12:56 | Construir | House |
| 13:43 | Crear | Archer |
| 13:43 | Crear | Archer |
| 13:51 | Crear | Villager (Male) |
| 13:53 | Construir | Farm |
| 13:54 | Construir | Farm |
| 13:55 | Construir | Farm |
| 14:00 | Crear | Spearman |
| 14:04 | Crear | Archer |
| 14:04 | Crear | Archer |
| 14:30 | Construir | Farm |
| 14:43 | Crear | Villager (Male) |
| 14:49 | Construir | Farm |
| 15:07 | Crear | Archer |
| 15:07 | Crear | Archer |
| 15:18 | Crear | Archer |
| 15:18 | Crear | Archer |
| 15:37 | Crear | Villager (Male) |
| 15:39 | Construir | House |
| 15:56 | Investigar | Wheelbarrow |
| 15:56 | Investigar | Wheelbarrow |
| 15:56 | Investigar | Wheelbarrow |
| 16:00 | Construir | House |
| 16:06 | Crear | Archer |
| 16:06 | Crear | Archer |
| 16:20 | Crear | Villager (Male) |
| 16:47 | Crear | Archer |
| 16:48 | Crear | Archer |
| 16:48 | Crear | Archer |
| 16:48 | Crear | Archer |
| 17:10 | Crear | Archer |
| 17:10 | Crear | Archer |
| 17:11 | Crear | Villager (Male) |
| 17:18 | Construir | Farm |
| 17:19 | Construir | Farm |
| 17:20 | Construir | Farm |
| 17:24 | Construir | House |
| 18:00 | Crear | Villager (Male) |
| 18:01 | Crear | Archer |
| 18:01 | Crear | Archer |
| 18:04 | Construir | House |
| 18:06 | Crear | Villager (Male) |
| 18:32 | Crear | Archer |
| 18:32 | Crear | Archer |
| 18:37 | Crear | Archer |
| 18:40 | Crear | Villager (Male) |
| 18:44 | Construir | Farm |
| 18:47 | Construir | Farm |
| 18:54 | Construir | Farm |
| 18:55 | Investigar | Double-Bit Axe |
| 18:56 | Investigar | Double-Bit Axe |
| 18:57 | Crear | Archer |
| 18:57 | Crear | Archer |
| 19:38 | Crear | Villager (Male) |
| 19:38 | Crear | Villager (Male) |
| 19:39 | Crear | Archer |
| 19:40 | Crear | Archer |
| 20:05 | Crear | Villager (Male) |
| 20:10 | Construir | House |
| 20:12 | Crear | Archer |
| 20:12 | Crear | Archer |
| 20:13 | Crear | Villager (Male) |
| 20:34 | Crear | Spearman |
| 20:34 | Crear | Spearman |
| 20:34 | Crear | Spearman |
| 20:54 | Crear | Spearman |
| 20:54 | Crear | Spearman |
| 21:31 | Crear | Villager (Male) |
| 21:34 | Crear | Villager (Male) |
| 21:35 | Crear | Archer |
| 21:35 | Crear | Archer |
| 21:45 | Construir | House |
| 21:47 | Construir | House |
| 21:54 | Construir | Palisade Gate |
| 22:06 | Investigar | Castle Age |
| 22:06 | Investigar | Castle Age |
| 22:07 | Investigar | Castle Age |
| 22:10 | Crear | Archer |
| 22:10 | Crear | Archer |
| 22:12 | Crear | Spearman |
| 22:29 | Construir | Lumber Camp |
| 22:50 | Crear | Archer |
| 22:51 | Crear | Archer |
| 22:53 | Crear | Archer |
| 22:53 | Crear | Archer |
| 22:55 | Crear | Spearman |
| 23:24 | Crear | Villager (Male) |
Build order — PocaChota
Primeras 150 de 206 acciones detectadas
| 0:03 | Construir | House |
| 0:04 | Construir | House |
| 0:07 | Crear | Villager (Male) |
| 0:07 | Crear | Villager (Male) |
| 0:07 | Crear | Villager (Male) |
| 0:20 | Crear | Villager (Male) |
| 0:52 | Construir | House |
| 1:14 | Construir | House |
| 1:24 | Crear | Villager (Male) |
| 1:36 | Construir | Lumber Camp |
| 2:10 | Crear | Villager (Male) |
| 2:30 | Crear | Villager (Male) |
| 3:01 | Crear | Villager (Male) |
| 3:10 | Crear | Villager (Male) |
| 3:12 | Construir | House |
| 3:47 | Crear | Villager (Male) |
| 4:12 | Crear | Villager (Male) |
| 4:21 | Crear | Villager (Male) |
| 4:47 | Crear | Villager (Male) |
| 5:02 | Crear | Villager (Male) |
| 5:33 | Crear | Villager (Male) |
| 5:37 | Construir | Mining Camp |
| 5:56 | Investigar | Loom |
| 6:02 | Construir | House |
| 6:03 | Construir | Barracks |
| 6:24 | Investigar | Feudal Age |
| 6:24 | Investigar | Feudal Age |
| 6:43 | Construir | Mill |
| 7:06 | Crear | Militia |
| 7:06 | Crear | Militia |
| 7:07 | Crear | Militia |
| 7:07 | Crear | Militia |
| 8:34 | Edad | Edad Feudal |
| 8:48 | Investigar | Man-at-Arms (upgrade) |
| 8:49 | Investigar | Double-Bit Axe |
| 8:49 | Investigar | Double-Bit Axe |
| 9:01 | Crear | Villager (Male) |
| 9:27 | Crear | Villager (Male) |
| 10:13 | Crear | Villager (Male) |
| 10:17 | Construir | Lumber Camp |
| 10:50 | Crear | Villager (Male) |
| 11:21 | Crear | Villager (Male) |
| 11:42 | Crear | Villager (Male) |
| 11:45 | Construir | Farm |
| 11:47 | Construir | Farm |
| 12:07 | Construir | House |
| 12:08 | Construir | House |
| 12:17 | Crear | Villager (Male) |
| 12:20 | Construir | Farm |
| 12:21 | Construir | Farm |
| 12:40 | Crear | Villager (Male) |
| 12:45 | Construir | Farm |
| 13:12 | Crear | Villager (Male) |
| 13:26 | Construir | Farm |
| 13:27 | Construir | Farm |
| 13:41 | Crear | Villager (Male) |
| 14:04 | Construir | Lumber Camp |
| 14:07 | Construir | Market |
| 14:12 | Construir | Blacksmith |
| 14:16 | Crear | Villager (Male) |
| 14:28 | Construir | Farm |
| 14:34 | Construir | Farm |
| 14:36 | Crear | Villager (Male) |
| 15:24 | Crear | Villager (Male) |
| 15:41 | Crear | Villager (Male) |
| 16:00 | Crear | Villager (Male) |
| 16:38 | Investigar | Castle Age |
| 16:38 | Investigar | Castle Age |
| 18:02 | Investigar | Gold Mining |
| 18:03 | Investigar | Horse Collar |
| 18:03 | Investigar | Horse Collar |
| 19:19 | Edad | Edad de los Castillos |
| 19:21 | Investigar | Bow Saw |
| 19:23 | Investigar | Heavy Plow |
| 19:23 | Investigar | Heavy Plow |
| 19:25 | Crear | Villager (Male) |
| 19:43 | Construir | Town Center |
| 19:45 | Crear | Villager (Male) |
| 19:55 | Construir | Town Center |
| 20:03 | Crear | Villager (Male) |
| 20:20 | Construir | Town Center |
| 20:28 | Crear | Villager (Male) |
| 20:33 | Construir | Farm |
| 20:35 | Construir | Farm |
| 20:39 | Construir | Farm |
| 20:46 | Construir | House |
| 20:46 | Construir | House |
| 20:48 | Construir | House |
| 20:51 | Investigar | Wheelbarrow |
| 20:51 | Investigar | Wheelbarrow |
| 21:41 | Crear | Villager (Male) |
| 21:41 | Crear | Villager (Male) |
| 21:42 | Crear | Villager (Male) |
| 21:46 | Construir | Farm |
| 21:47 | Construir | Farm |
| 21:50 | Construir | Farm |
| 21:55 | Crear | Villager (Male) |
| 21:56 | Crear | Villager (Male) |
| 21:57 | Crear | Villager (Male) |
| 22:00 | Crear | Villager (Male) |
| 22:06 | Crear | Villager (Male) |
| 22:48 | Crear | Villager (Male) |
| 22:50 | Construir | House |
| 22:51 | Construir | House |
| 22:54 | Construir | Farm |
| 22:55 | Construir | Farm |
| 22:56 | Crear | Villager (Male) |
| 22:58 | Crear | Villager (Male) |
| 22:59 | Crear | Villager (Male) |
| 23:02 | Construir | Farm |
| 23:04 | Construir | Farm |
| 23:05 | Construir | Farm |
| 23:09 | Construir | Farm |
| 23:10 | Construir | Farm |
| 23:11 | Construir | Farm |
| 23:13 | Crear | Villager (Male) |
| 23:38 | Construir | Farm |
| 23:39 | Crear | Villager (Male) |
| 23:54 | Crear | Villager (Male) |
| 24:01 | Construir | House |
| 24:01 | Construir | House |
| 24:02 | Construir | House |
| 24:06 | Construir | House |
| 24:22 | Crear | Villager (Male) |
| 24:23 | Crear | Villager (Male) |
| 24:23 | Crear | Villager (Male) |
| 24:24 | Crear | Villager (Male) |
| 24:29 | Construir | Town Center |
| 24:34 | Construir | Farm |
| 24:39 | Construir | Farm |
| 24:39 | Construir | Farm |
| 25:06 | Crear | Villager (Male) |
| 25:07 | Crear | Villager (Male) |
| 25:09 | Crear | Villager (Male) |
| 25:10 | Crear | Villager (Male) |
| 25:11 | Crear | Villager (Male) |
| 25:25 | Crear | Villager (Male) |
| 25:26 | Construir | Farm |
| 25:27 | Construir | Farm |
| 25:27 | Construir | Farm |
| 25:32 | Construir | Farm |
| 25:33 | Construir | Farm |
| 25:34 | Construir | Farm |
| 25:38 | Crear | Villager (Male) |
| 25:42 | Crear | Villager (Male) |
| 25:55 | Crear | Villager (Male) |
| 25:56 | Crear | Villager (Male) |
| 25:58 | Crear | Villager (Male) |
| 26:00 | Construir | House |
| 26:05 | Construir | House |
Build order — TW_Jerry
Primeras 150 de 222 acciones detectadas
| 0:02 | Crear | Villager (Male) |
| 0:02 | Crear | Villager (Male) |
| 0:03 | Construir | House |
| 0:05 | Construir | House |
| 0:41 | Crear | Villager (Male) |
| 0:42 | Crear | Villager (Male) |
| 1:14 | Crear | Villager (Male) |
| 2:05 | Crear | Villager (Male) |
| 2:05 | Crear | Villager (Male) |
| 2:11 | Construir | Lumber Camp |
| 2:29 | Crear | Villager (Male) |
| 2:45 | Crear | Villager (Male) |
| 2:45 | Crear | Villager (Male) |
| 3:04 | Crear | Villager (Male) |
| 3:15 | Crear | Villager (Male) |
| 3:53 | Construir | House |
| 3:54 | Construir | House |
| 3:57 | Crear | Villager (Male) |
| 3:57 | Crear | Villager (Male) |
| 3:58 | Crear | Villager (Male) |
| 3:58 | Crear | Villager (Male) |
| 4:51 | Crear | Villager (Male) |
| 4:51 | Crear | Villager (Male) |
| 4:53 | Construir | House |
| 5:28 | Crear | Villager (Male) |
| 5:29 | Crear | Villager (Male) |
| 5:43 | Crear | Villager (Male) |
| 5:43 | Crear | Villager (Male) |
| 6:02 | Construir | Mill |
| 6:22 | Crear | Villager (Male) |
| 6:57 | Crear | Villager (Male) |
| 6:57 | Crear | Villager (Male) |
| 7:29 | Crear | Villager (Male) |
| 7:33 | Crear | Villager (Male) |
| 8:04 | Construir | Mining Camp |
| 8:05 | Crear | Villager (Male) |
| 8:08 | Crear | Villager (Male) |
| 8:31 | Crear | Villager (Male) |
| 8:32 | Crear | Villager (Male) |
| 8:50 | Investigar | Feudal Age |
| 10:20 | Crear | Villager (Male) |
| 10:20 | Crear | Villager (Male) |
| 11:16 | Construir | Barracks |
| 11:18 | Construir | Barracks |
| 11:22 | Edad | Edad Feudal |
| 11:35 | Construir | Blacksmith |
| 11:49 | Construir | Stable |
| 12:18 | Investigar | Castle Age |
| 12:27 | Construir | House |
| 12:37 | Investigar | Double-Bit Axe |
| 13:02 | Construir | Farm |
| 13:06 | Construir | Farm |
| 13:08 | Construir | Farm |
| 13:13 | Investigar | Horse Collar |
| 13:20 | Construir | Farm |
| 13:22 | Construir | Farm |
| 13:24 | Construir | Farm |
| 13:25 | Construir | Farm |
| 13:28 | Construir | House |
| 13:39 | Construir | Farm |
| 13:56 | Construir | Farm |
| 14:03 | Construir | House |
| 14:07 | Crear | Scout Cavalry |
| 14:35 | Construir | House |
| 14:38 | Construir | House |
| 14:40 | Crear | Scout Cavalry |
| 14:46 | Construir | Farm |
| 14:48 | Construir | Farm |
| 14:49 | Crear | Villager (Male) |
| 14:56 | Construir | Farm |
| 14:58 | Edad | Edad de los Castillos |
| 15:08 | Investigar | Light Cavalry (upgrade) |
| 15:13 | Construir | House |
| 15:32 | Crear | Villager (Male) |
| 15:34 | Construir | House |
| 15:35 | Construir | House |
| 15:51 | Crear | Villager (Male) |
| 16:00 | Crear | Scout Cavalry |
| 16:06 | Construir | House |
| 16:07 | Crear | Villager (Male) |
| 16:15 | Construir | Farm |
| 16:17 | Construir | Farm |
| 16:19 | Construir | Farm |
| 16:27 | Crear | Scout Cavalry |
| 16:37 | Construir | Farm |
| 16:38 | Crear | Villager (Male) |
| 16:51 | Construir | House |
| 16:59 | Crear | Scout Cavalry |
| 17:01 | Crear | Villager (Male) |
| 17:02 | Construir | Farm |
| 17:24 | Construir | Farm |
| 17:25 | Crear | Villager (Male) |
| 17:46 | Crear | Scout Cavalry |
| 17:54 | Crear | Villager (Male) |
| 17:57 | Construir | Farm |
| 18:13 | Crear | Scout Cavalry |
| 18:14 | Crear | Villager (Male) |
| 18:31 | Crear | Villager (Male) |
| 18:34 | Construir | Town Center |
| 18:39 | Construir | Town Center |
| 18:42 | Construir | Town Center |
| 18:49 | Crear | Villager (Male) |
| 18:51 | Crear | Scout Cavalry |
| 19:11 | Crear | Villager (Male) |
| 19:18 | Crear | Villager (Male) |
| 19:19 | Crear | Villager (Male) |
| 19:35 | Crear | Scout Cavalry |
| 19:42 | Investigar | Scale Barding Armor |
| 19:43 | Crear | Villager (Male) |
| 19:57 | Crear | Villager (Male) |
| 20:02 | Construir | Town Center |
| 20:08 | Crear | Scout Cavalry |
| 20:12 | Crear | Villager (Male) |
| 20:12 | Crear | Villager (Male) |
| 20:17 | Construir | Farm |
| 20:18 | Construir | Farm |
| 20:21 | Crear | Villager (Male) |
| 20:39 | Construir | Farm |
| 20:39 | Crear | Villager (Male) |
| 20:40 | Crear | Villager (Male) |
| 20:49 | Crear | Scout Cavalry |
| 20:57 | Crear | Villager (Male) |
| 21:00 | Construir | Farm |
| 21:03 | Construir | Farm |
| 21:08 | Construir | Farm |
| 21:22 | Investigar | Husbandry |
| 21:29 | Crear | Villager (Male) |
| 21:29 | Crear | Villager (Male) |
| 21:42 | Crear | Villager (Male) |
| 21:42 | Crear | Villager (Male) |
| 21:53 | Crear | Villager (Male) |
| 21:54 | Construir | Farm |
| 21:59 | Construir | Lumber Camp |
| 22:08 | Crear | Villager (Male) |
| 22:08 | Crear | Villager (Male) |
| 22:08 | Crear | Villager (Male) |
| 22:17 | Construir | Farm |
| 22:41 | Crear | Villager (Male) |
| 22:41 | Crear | Villager (Male) |
| 22:41 | Crear | Villager (Male) |
| 22:48 | Crear | Villager (Male) |
| 22:48 | Crear | Villager (Male) |
| 22:49 | Crear | Villager (Male) |
| 22:53 | Construir | Mill |
| 22:53 | Construir | Farm |
| 22:54 | Construir | Farm |
| 22:54 | Construir | Farm |
| 22:54 | Construir | Farm |
| 22:54 | Construir | Farm |
| 23:10 | Crear | Scout Cavalry |
Build order — Tanu
Primeras 150 de 177 acciones detectadas
| 0:02 | Crear | Villager (Male) |
| 0:02 | Crear | Villager (Male) |
| 0:03 | Construir | House |
| 0:04 | Construir | House |
| 0:17 | Crear | Villager (Male) |
| 0:24 | Crear | Villager (Male) |
| 1:27 | Crear | Villager (Male) |
| 1:27 | Crear | Villager (Male) |
| 1:47 | Construir | Lumber Camp |
| 1:59 | Crear | Villager (Male) |
| 2:00 | Crear | Villager (Male) |
| 2:16 | Crear | Villager (Male) |
| 2:16 | Crear | Villager (Male) |
| 2:44 | Crear | Villager (Male) |
| 3:02 | Crear | Villager (Male) |
| 3:43 | Crear | Villager (Male) |
| 3:44 | Crear | Villager (Male) |
| 3:44 | Crear | Villager (Male) |
| 4:15 | Crear | Villager (Male) |
| 4:18 | Construir | House |
| 4:55 | Crear | Villager (Male) |
| 4:58 | Construir | Mill |
| 5:02 | Crear | Villager (Male) |
| 5:23 | Crear | Villager (Male) |
| 5:23 | Crear | Villager (Male) |
| 5:37 | Construir | House |
| 6:23 | Crear | Villager (Male) |
| 6:36 | Crear | Villager (Male) |
| 6:52 | Construir | Lumber Camp |
| 7:25 | Crear | Villager (Male) |
| 7:34 | Crear | Villager (Male) |
| 7:35 | Crear | Villager (Male) |
| 7:56 | Construir | House |
| 8:14 | Construir | Mining Camp |
| 8:29 | Crear | Villager (Male) |
| 8:56 | Crear | Villager (Male) |
| 9:14 | Crear | Villager (Male) |
| 9:17 | Construir | Mining Camp |
| 9:47 | Investigar | Feudal Age |
| 9:47 | Investigar | Feudal Age |
| 9:47 | Investigar | Feudal Age |
| 10:27 | Crear | Villager (Male) |
| 10:28 | Crear | Villager (Male) |
| 12:12 | Edad | Edad Feudal |
| 12:14 | Construir | Market |
| 12:17 | Construir | Blacksmith |
| 12:27 | Investigar | Horse Collar |
| 12:27 | Investigar | Horse Collar |
| 12:31 | Investigar | Double-Bit Axe |
| 12:31 | Investigar | Double-Bit Axe |
| 12:55 | Investigar | Castle Age |
| 12:55 | Investigar | Castle Age |
| 13:22 | Investigar | Loom |
| 13:22 | Investigar | Loom |
| 13:44 | Construir | Farm |
| 13:45 | Construir | Farm |
| 13:55 | Construir | Farm |
| 13:58 | Construir | Farm |
| 14:25 | Construir | Farm |
| 14:27 | Construir | Farm |
| 14:28 | Construir | Farm |
| 14:32 | Construir | Farm |
| 15:17 | Crear | Villager (Male) |
| 15:39 | Construir | Farm |
| 15:43 | Edad | Edad de los Castillos |
| 15:43 | Construir | House |
| 15:56 | Construir | Castle |
| 16:04 | Investigar | Wheelbarrow |
| 16:05 | Investigar | Wheelbarrow |
| 16:41 | Construir | Castle |
| 16:43 | Crear | Villager (Male) |
| 16:45 | Investigar | Bow Saw |
| 16:45 | Investigar | Bow Saw |
| 16:52 | Construir | Farm |
| 16:53 | Construir | Farm |
| 16:57 | Crear | Villager (Male) |
| 17:18 | Construir | Farm |
| 17:23 | Crear | Villager (Male) |
| 17:52 | Construir | Castle |
| 17:56 | Construir | Farm |
| 18:03 | Investigar | Fletching |
| 18:03 | Investigar | Fletching |
| 18:22 | Crear | Villager (Male) |
| 18:25 | Construir | Farm |
| 18:42 | Crear | Villager (Male) |
| 19:02 | Investigar | Bodkin Arrow |
| 19:02 | Investigar | Bodkin Arrow |
| 19:13 | Crear | Petard |
| 19:29 | Construir | Farm |
| 19:30 | Construir | Farm |
| 19:31 | Construir | Farm |
| 19:31 | Construir | Farm |
| 19:39 | Crear | Petard |
| 19:40 | Crear | Petard |
| 19:40 | Crear | Petard |
| 19:55 | Construir | Farm |
| 19:57 | Construir | Farm |
| 19:58 | Construir | Farm |
| 19:59 | Construir | Farm |
| 20:05 | Crear | Villager (Male) |
| 20:12 | Crear | Villager (Male) |
| 20:21 | Crear | Petard |
| 20:32 | Crear | Petard |
| 20:40 | Crear | Villager (Male) |
| 20:54 | Construir | Farm |
| 20:56 | Construir | Farm |
| 21:05 | Crear | Petard |
| 21:07 | Crear | Villager (Male) |
| 21:34 | Crear | Petard |
| 21:35 | Crear | Petard |
| 21:39 | Crear | Villager (Male) |
| 21:43 | Construir | House |
| 21:43 | Construir | House |
| 21:53 | Crear | Petard |
| 22:01 | Crear | Villager (Male) |
| 22:18 | Crear | Petard |
| 22:32 | Crear | Villager (Male) |
| 22:34 | Crear | Petard |
| 23:03 | Crear | Petard |
| 23:10 | Crear | Petard |
| 23:11 | Crear | Villager (Male) |
| 23:12 | Crear | Villager (Male) |
| 23:20 | Crear | Villager (Male) |
| 23:22 | Construir | University |
| 23:51 | Crear | Petard |
| 23:53 | Crear | Villager (Male) |
| 24:03 | Crear | Villager (Male) |
| 24:15 | Investigar | Hand Cart |
| 24:15 | Investigar | Hand Cart |
| 24:16 | Investigar | Hand Cart |
| 24:19 | Crear | Petard |
| 24:21 | Crear | Petard |
| 24:35 | Crear | Villager (Male) |
| 24:43 | Construir | Town Center |
| 25:00 | Crear | Petard |
| 25:05 | Crear | Villager (Male) |
| 25:24 | Crear | Conquistador |
| 25:24 | Crear | Conquistador |
| 25:41 | Construir | Mining Camp |
| 25:42 | Crear | Conquistador |
| 25:48 | Crear | Villager (Male) |
| 25:50 | Investigar | Padded Archer Armor |
| 25:50 | Investigar | Padded Archer Armor |
| 26:08 | Crear | Conquistador |
| 26:18 | Crear | Conquistador |
| 26:28 | Crear | Conquistador |
| 26:28 | Crear | Conquistador |
| 26:36 | Crear | Villager (Male) |
| 26:37 | Crear | Conquistador |
| 26:44 | Crear | Conquistador |
Build order — 天崩地裂
117 acciones detectadas en el replay
| 0:02 | Crear | Villager (Male) |
| 0:03 | Construir | House |
| 0:06 | Construir | House |
| 0:08 | Crear | Villager (Male) |
| 0:08 | Crear | Villager (Male) |
| 0:08 | Crear | Villager (Male) |
| 1:29 | Crear | Villager (Male) |
| 1:29 | Crear | Villager (Male) |
| 1:49 | Construir | Lumber Camp |
| 2:06 | Crear | Villager (Male) |
| 2:06 | Crear | Villager (Male) |
| 2:06 | Crear | Villager (Male) |
| 2:25 | Crear | Villager (Male) |
| 2:37 | Construir | House |
| 2:59 | Crear | Villager (Male) |
| 2:59 | Crear | Villager (Male) |
| 3:15 | Crear | Villager (Male) |
| 3:15 | Crear | Villager (Male) |
| 3:38 | Crear | Villager (Male) |
| 4:09 | Crear | Villager (Male) |
| 4:10 | Crear | Villager (Male) |
| 4:51 | Crear | Villager (Male) |
| 5:02 | Crear | Villager (Male) |
| 5:03 | Crear | Villager (Male) |
| 5:04 | Crear | Villager (Male) |
| 5:09 | Construir | Mill |
| 5:48 | Construir | House |
| 5:51 | Crear | Villager (Male) |
| 5:51 | Crear | Villager (Male) |
| 5:53 | Crear | Villager (Male) |
| 5:56 | Crear | Villager (Male) |
| 5:56 | Crear | Villager (Male) |
| 6:57 | Crear | Villager (Male) |
| 6:57 | Crear | Villager (Male) |
| 7:01 | Crear | Villager (Male) |
| 7:08 | Crear | Villager (Male) |
| 7:32 | Crear | Villager (Male) |
| 7:44 | Crear | Villager (Male) |
| 7:52 | Construir | Farm |
| 8:03 | Construir | Mining Camp |
| 8:06 | Investigar | Feudal Age |
| 8:06 | Investigar | Feudal Age |
| 8:27 | Construir | Farm |
| 9:17 | Construir | Farm |
| 9:24 | Crear | Villager (Male) |
| 10:05 | Construir | Farm |
| 10:22 | Construir | Farm |
| 10:32 | Edad | Edad Feudal |
| 10:34 | Construir | Blacksmith |
| 10:36 | Construir | Market |
| 10:53 | Construir | Farm |
| 10:55 | Investigar | Loom |
| 11:04 | Construir | Farm |
| 11:17 | Construir | House |
| 11:27 | Investigar | Castle Age |
| 11:27 | Investigar | Castle Age |
| 12:00 | Investigar | Double-Bit Axe |
| 12:01 | Investigar | Double-Bit Axe |
| 12:09 | Construir | Palisade Wall |
| 12:14 | Construir | Palisade Wall |
| 12:17 | Construir | Palisade Wall |
| 12:25 | Investigar | Horse Collar |
| 12:25 | Investigar | Horse Collar |
| 12:36 | Crear | Villager (Male) |
| 12:36 | Crear | Villager (Male) |
| 12:54 | Crear | Villager (Male) |
| 13:19 | Crear | Villager (Male) |
| 13:22 | Crear | Villager (Male) |
| 14:07 | Edad | Edad de los Castillos |
| 14:11 | Construir | Town Center |
| 14:20 | Crear | Villager (Male) |
| 14:34 | Crear | Villager (Male) |
| 14:49 | Investigar | Bow Saw |
| 14:51 | Crear | Villager (Male) |
| 15:10 | Crear | Villager (Male) |
| 15:30 | Crear | Villager (Male) |
| 15:30 | Crear | Villager (Male) |
| 15:30 | Crear | Villager (Male) |
| 15:34 | Construir | Mining Camp |
| 15:53 | Crear | Villager (Male) |
| 16:20 | Construir | Palisade Wall |
| 16:34 | Construir | House |
| 16:38 | Construir | Palisade Wall |
| 16:43 | Construir | Palisade Wall |
| 16:45 | Construir | Palisade Gate |
| 16:52 | Construir | House |
| 17:03 | Construir | Farm |
| 17:04 | Crear | Villager (Male) |
| 17:11 | Construir | Monastery |
| 17:23 | Crear | Villager (Male) |
| 17:26 | Construir | Farm |
| 17:26 | Crear | Villager (Male) |
| 17:27 | Crear | Villager (Male) |
| 17:49 | Crear | Villager (Male) |
| 17:49 | Crear | Villager (Male) |
| 17:57 | Construir | Castle |
| 18:10 | Construir | House |
| 18:39 | Investigar | Fletching |
| 18:40 | Investigar | Fletching |
| 19:16 | Construir | Lumber Camp |
| 19:33 | Crear | Villager (Male) |
| 19:46 | Construir | Siege Workshop |
| 20:20 | Crear | Battering Ram |
| 20:20 | Crear | Battering Ram |
| 21:11 | Construir | Mining Camp |
| 21:55 | Crear | Battering Ram |
| 21:55 | Crear | Battering Ram |
| 23:31 | Construir | Farm |
| 23:33 | Construir | Farm |
| 24:45 | Crear | Hussite Wagon |
| 24:50 | Crear | Battering Ram |
| 24:50 | Crear | Battering Ram |
| 25:15 | Crear | Villager (Male) |
| 25:15 | Crear | Villager (Male) |
| 26:50 | Construir | Castle |
| 26:59 | Crear | Battering Ram |
| 27:00 | Crear | Battering Ram |
Cronología de la partida
| 6:03 | PocaChota · first_building Barracks |
| 6:46 | Dance Jimmy Dance! · wall_segment Palisade Wall x18 |
| 7:12 | Dance Jimmy Dance! · wall_segment Palisade Wall x9 |
| 7:13 | Dance Jimmy Dance! · wall_segment Palisade Wall x7 |
| 7:13 | Dance Jimmy Dance! · wall_segment Palisade Wall x1 |
| 7:18 | Dance Jimmy Dance! · wall_segment Palisade Wall x2 |
| 7:50 | AlDebaran · first_building Barracks |
| 8:22 | Welldone · first_building Barracks |
| 8:34 | PocaChota · age_up feudal |
| 8:50 | AlDebaran · age_up feudal |
| 9:07 | AlDebaran · first_building Archery Range |
| 9:35 | Ficki-T-E · age_up feudal |
| 9:36 | Ficki-T-E · first_building Stable |
| 10:05 | Welldone · age_up feudal |
| 10:07 | Welldone · first_building Stable |
| 10:32 | 天崩地裂 · age_up feudal |
| 11:16 | TW_Jerry · first_building Barracks |
| 11:22 | TW_Jerry · age_up feudal |
| 11:49 | TW_Jerry · first_building Stable |
| 12:09 | 天崩地裂 · wall_segment Palisade Wall x1 |
| 12:12 | Tanu · age_up feudal |
| 12:14 | 天崩地裂 · wall_segment Palisade Wall x1 |
| 12:17 | 天崩地裂 · wall_segment Palisade Wall x1 |
| 12:31 | Dance Jimmy Dance! · age_up feudal |
| 13:55 | Dance Jimmy Dance! · wall_segment Palisade Wall x1 |
| 13:56 | Dance Jimmy Dance! · wall_segment Palisade Wall x1 |
| 14:07 | 天崩地裂 · age_up castle |
| 14:11 | Dance Jimmy Dance! · wall_segment Palisade Wall x1 |
| 14:58 | TW_Jerry · age_up castle |
| 15:43 | Tanu · age_up castle |
| 15:56 | Tanu · first_building Castle |
| 16:15 | Dance Jimmy Dance! · first_building Barracks |
| 16:20 | 天崩地裂 · wall_segment Palisade Wall x1 |
| 16:38 | 天崩地裂 · wall_segment Palisade Wall x1 |
| 16:43 | 天崩地裂 · wall_segment Palisade Wall x4 |
| 17:02 | Dance Jimmy Dance! · first_building Archery Range |
| 17:11 | 天崩地裂 · first_building Monastery |
| 17:35 | 天崩地裂 · first_market_buy 100 stone |
| 17:57 | 天崩地裂 · first_building Castle |
| 19:19 | PocaChota · age_up castle |
| 19:46 | 天崩地裂 · first_building Siege Workshop |
| 19:50 | Welldone · first_market_sell 100 food |
| 20:07 | Welldone · wall_segment Palisade Wall x1 |
| 20:12 | PocaChota · first_market_buy 100 stone |
| 21:56 | Dance Jimmy Dance! · wall_segment Stone Wall x26 |
| 23:24 | Dance Jimmy Dance! · wall_segment Stone Wall x4 |
| 24:46 | AlDebaran · age_up castle |
| 26:59 | 天崩地裂 · first_market_sell 100 wood |
| 27:05 | Dance Jimmy Dance! · age_up castle |
| 27:06 | Dance Jimmy Dance! · wall_segment Stone Wall x1 |
| 27:16 | PocaChota · first_building Castle |
| 27:29 | PocaChota · first_building Monastery |
| 27:35 | PocaChota · first_building Siege Workshop |
| 27:53 | Welldone · age_up castle |
| 28:10 | TW_Jerry · first_building Castle |
| 28:13 | Welldone · wall_segment Stone Wall x4 |
| 28:26 | TW_Jerry · resign |
| 28:58 | Ficki-T-E · age_up castle |
| 29:06 | Tanu · first_building Barracks |
[ ANÁLISIS IA · 1 CRÉDITO ]
¿Qué pasó realmente en esta partida?
Wolo.gg analiza cada decisión: build order, eco, micro, errores típicos por bracket. Análisis personalizado por WhatsApp o Discord en 30 segundos.
Guía civ
Coreanos
Guía mapa
Amazon Tunnel
Perfil
ObsidiaN